 Dungeon Crawl Stone Soup version 0.31-a0-1104-g3bd3108e02 (webtiles) character file.

Game seed: 482351165212655057

2963 Dirtsage the Magician (level 10, -2/72 HPs)
             Began as a Djinni Venom Mage on Dec 2, 2023.
             Was a Believer of Makhleb.
             Slain by a gnoll sergeant
             ... wielding a +7 trident of holy wrath
              (14 damage)
             ... on level 7 of the Dungeon.
             The game lasted 00:24:04 (6663 turns).

Dirtsage the Magician (Djinni Venom Mage)           Turns: 6663, Time: 00:24:04

Health: -2/72      AC:  4    Str:  9    XL:     10   Next: 8%
Gold:   344        EV: 13    Int: 18    God:    Makhleb [**....] SH:  5 Dex: 21

rFire   + + .        v - +2 Maxwell's thermic engine {flame, freeze, rev}
rCold   x . .        (no shield)
rNeg    . . .        a - +0 robe
rPois   ∞            E - +0 helmet
rElec   .            (no cloak)
rCorr   .            o - +0 pair of gloves
SInv    .            (boots unavailable)
Will    +....        b - amulet of reflection
Stlth   ++           B - +6 ring of dexterity
HPRegen 0.32/turn    (no ring)
MPRegen 0.00/turn

%: reflection, infuse magic (-3 HP)
@: flying
A: sickness immunity, fire resistance 2, cold vulnerability 1, float, innate
caster, HP casting, extra vitality 1
a: Renounce Religion, Minor Destruction


You were on level 7 of the Dungeon.
You worshipped Makhleb.
Makhleb was pleased with you.
You visited 2 branches of the dungeon, and saw 8 of its levels.

You collected 344 gold pieces.

Inventory:

Hand Weapons
 i - a +2 short sword of protection
 v - the +2 Maxwell's thermic engine (weapon) {flame, freeze, rev}
   (You found it on level 5 of the Dungeon)
Missiles
 y - a curare-tipped dart
Armour
 a - a +0 robe (worn)
 o - a +0 pair of gloves (worn)
 E - a +0 helmet (worn)
Jewellery
 b - an amulet of reflection (around neck)
 B - a +6 ring of dexterity (left hand)
Wands
 l - a wand of mindburst (18)
 p - a wand of roots (6)
 D - a wand of polymorph (9)
Scrolls
 c - 2 scrolls of enchant weapon {unknown}
 e - 3 scrolls of identify {unknown}
 j - a scroll of blinking {unknown}
 k - 3 scrolls of vulnerability {unknown}
 m - 2 scrolls of brand weapon {unknown}
 n - 4 scrolls of acquirement {unknown}
 t - a scroll of teleportation {unknown}
 w - a scroll of amnesia {unknown}
 x - a scroll of revelation {unknown}
 A - 3 scrolls of fear {unknown}
 C - a scroll of enchant armour {unknown}
 F - a scroll of immolation {unknown}
Potions
 d - 2 potions of heal wounds {unknown}
 f - 2 potions of enlightenment {unknown}
 g - a potion of magic {unknown}
 h - a potion of invisibility {unknown}
 q - 4 potions of curing
 r - a potion of mutation {unknown}
 s - a potion of brilliance {unknown}
 u - a potion of might {unknown}
 z - a potion of haste {unknown}


   Skills:
 + Level 5.9 Fighting
 * Level 5.8 Long Blades
 - Level 2.1 Dodging
 - Level 1.5 Stealth
 * Level 6.7 Spellcasting
 * Level 6.7 Conjurations
 * Level 6.7 Hexes
   Level 0.0 Charms
 * Level 6.7 Summonings
 * Level 6.7 Necromancy
 * Level 6.7 Translocations
 * Level 6.7 Transmutations
 * Level 6.7 Fire Magic
 * Level 6.7 Ice Magic
 * Level 6.7 Air Magic
 * Level 6.7 Earth Magic
 * Level 6.7 Poison Magic
 + Level 5.4 Invocations


You knew the following spells:

 Your Spells              Type           Power      Damage    Failure   Level
a - Sting                 Tmut/Pois      100%       1d8       1%          1
b - Poisonous Vapours     Pois/Air       60%        N/A       1%          2
c - Olgreb's Toxic Radia  Pois           30%        N/A       7%          4
d - Summon Small Mammal   Summ           100%       N/A       1%          1
e - Call Imp              Summ           60%        N/A       1%          2
f - Frozen Ramparts       Ice            60%        1d10      2%          3
g - Summon Guardian Gole  Hex/Summ       30%        N/A       2%          3
x - Mephitic Cloud        Conj/Pois/Air  30%        N/A       2%          3
Your spell library was empty.

Dungeon Overview and Level Annotations

Branches:
Dungeon (7/15)             Temple (1/1) D:6

Altars:
Ashenzari
Cheibriados
Dithmenos
Elyvilon
Fedhas
Gozag
Makhleb
Nemelex Xobeh
Ru
Trog
Uskayaw
Wu Jian
Xom
Yredelemnul
Zin

Annotations:
D:4 1 runed translucent door, Mll's ghost, amateur HOBe


Innate Abilities, Weirdness & Mutations

You are immune to sickness and miasma.
You are immune to poison.
Your flesh is very heat resistant. (rF++)
You are vulnerable to cold. (rC-)
You float through the air rather than walking.
You learn spells naturally, not from books.
Your magical power is your life essence.
You have superior vitality. (+4 MHP)


Message History

You hear an angry buzzing noise.
The gnoll is engulfed in noxious fumes.
The gnoll hits the ice beast with a +0 club.
You take 2 damage, and have 59/72 hp.
The gnoll is engulfed in noxious fumes.
The gnoll appears confused.
You see here a +0 scale mail.
Casting: Mephitic Cloud (mildly dangerous; 2% risk of failure)
Confirm with . or Enter, or press ? or * to list all spells.
You begin to radiate toxic energy.
The gnoll sergeant is poisoned.
The gnoll is poisoned. x2; The gnoll sergeant looks even sicker.
The gnoll looks even sicker.
The gnoll hits you with a +0 club.
You take 6 damage, and have 53/72 hp.
The gnoll looks even sicker.
The gnoll hits itself but does no damage.
Things that are here:
a +0 flail; a bullfrog corpse You kill the gnoll!
Makhleb accepts your kill.
Your toxic aura wanes.
The gnoll sergeant is engulfed in noxious fumes.
The gnoll sergeant hits you from afar with a +7 trident of holy wrath!
There is an open door here.
You take 11 damage, and have 43/72 hp.
The ice beast attacks as it pursues you!
The ice beast hits you but does no damage.
Casting: Olgreb's Toxic Radiance (dangerous; 7% risk of failure)
Confirm with . or Enter, or press ? or * to list all spells.
A tiny devil pulls itself out of the air.
The ice beast barely misses you.
The gnoll sergeant hits you from afar with a +7 trident of holy wrath!
You take 15 damage, and have 28/72 hp.
MASSIVE DAMAGE!!
You swap places.
The ice beast hits you. The ice beast freezes you!!
You feel a terrible chill!
* * * LOW HITPOINT WARNING * * *
Your cerulean imp closely misses the ice beast.
You take 23 damage, and have 5/72 hp.
MASSIVE DAMAGE!!
Your cerulean imp closely misses the ice beast.
You feel better. The ice beast closely misses you.
The gnoll sergeant hits you from afar with a +7 trident of holy wrath!
You die...

...................#
###+#######+####...#
#.... ##..# ##....
###..# ##....
##.#..# ##....
##..#..# ....
##...'..#
###'####....#..#
#...).#.@...#..#
#..[..#Y...##..#
+.(.).g5..###..#
#..$.)#..## #..#
#.....#.## #..#
###+##### #..# +..#
#..# #..#


You could see an ice beast (ally target), a gnoll sergeant (poisoned) and a
friendly cerulean imp (summoned).

Vanquished Creatures
  A wyvern (D:6)
  A sky beast (D:7)
  2 black bears
  An ice beast (D:6)
  3 ogres
  2 centaurs
  2 phantoms
  2 kobold brigands (D:6)
  2 bullfrogs (D:7)
  3 scorpions
  A wight (D:7)
  5 electric eels (D:7)
  A howler monkey (D:7)
  4 hounds
  A jelly (D:7)
  An orc priest (D:6)
  A sleepcap (D:4)
  Terence (D:2)
  4 iguanas
  3 orc wizards
  2 gnolls (D:7)
  5 adders
  A shadow imp (D:6)
  2 ufetubi
  A worm (D:5)
  2 dart slugs
  12 orcs
  7 ball pythons
  6 endoplasms
  A giant cockroach (D:2)
  4 goblins
  4 hobgoblins
  13 kobolds
  3 quokkas
  3 bats
  4 rats
111 creatures vanquished.

Vanquished Creatures (collateral kills)
  An ogre (D:5)
  A centaur (D:7)
  A wight (D:7)
  An ufetubus (D:6)
  An orc (D:5)
  5 endoplasms
  2 hobgoblins (D:4)
  A bat (D:2)
13 creatures vanquished.

Vanquished Creatures (others)
  An orc warrior (D:7)
  6 wights
7 creatures vanquished.

Grand Total: 131 creatures vanquished

Notes
Turn   | Place    | Note
-------+----------+-------------------------------------------
     0 | D:1      | Dirtsage the Djinni Venom Mage began the quest for the Orb.
     0 | D:1      | Dirtsage set off with the following spells memorised:
                  | Sting, Poisonous Vapours, Mephitic Cloud, Olgreb's Toxic
                  | Radiance.
     0 | D:1      | Reached XP level 1. HP: 15/15 MP: 0/0
   366 | D:1      | Reached XP level 2. HP: 19/22 MP: 0/0
   686 | D:2      | Reached skill level 1 in Fighting
   686 | D:2      | Reached XP level 3. HP: 14/27 MP: 0/0
   686 | D:2      | Learned a level 1 spell: Summon Small Mammal
  1463 | D:2      | Noticed Terence
  1473 | D:2      | Killed Terence
  1474 | D:2      | Reached XP level 4. HP: 24/33 MP: 0/0
  2210 | D:3      | Found a faded altar of an unknown god.
  2297 | D:3      | Found a burning altar of Makhleb.
  2380 | D:3      | Became a worshipper of Makhleb the Destroyer
  2457 | D:3      | Reached XP level 5. HP: 23/38 MP: 0/0
  2457 | D:3      | Learned a level 2 spell: Call Imp
  2533 | D:4      | Noticed an ogre
  2549 | D:4      | Killed an ogre
  2550 | D:4      | Reached skill level 1 in Invocations
  2550 | D:4      | Reached XP level 6. HP: 30/45 MP: 0/0
  2915 | D:4      | Found a runed translucent door.
  2915 | D:4      | Noticed Mll's ghost (amateur HOBe)
  3026 | D:4      | Reached * piety under Makhleb
  3054 | D:4      | Found a shimmering altar of Xom.
  3224 | D:5      | Entered Level 5 of the Dungeon
  3248 | D:5      | Reached XP level 7. HP: 26/50 MP: 0/0
  3248 | D:5      | Learned a level 3 spell: Frozen Ramparts
  3467 | D:5      | Found an opulent altar of Gozag.
  3509 | D:5      | Reached skill level 5 in Spellcasting
  3509 | D:5      | Reached skill level 5 in Conjurations
  3509 | D:5      | Reached skill level 5 in Hexes
  3509 | D:5      | Reached skill level 5 in Summonings
  3509 | D:5      | Reached skill level 5 in Necromancy
  3509 | D:5      | Reached skill level 5 in Translocations
  3509 | D:5      | Reached skill level 5 in Transmutations
  3509 | D:5      | Reached skill level 5 in Fire Magic
  3509 | D:5      | Reached skill level 5 in Ice Magic
  3509 | D:5      | Reached skill level 5 in Air Magic
  3509 | D:5      | Reached skill level 5 in Earth Magic
  3509 | D:5      | Reached skill level 5 in Poison Magic
  3573 | D:5      | Found the +2 Maxwell's thermic engine {flame, freeze, rev}
  3812 | D:5      | Reached skill level 1 in Long Blades
  3850 | D:5      | Found a basalt altar of Yredelemnul.
  4005 | D:6      | Reached XP level 8. HP: 55/58 MP: 0/0
  4275 | D:6      | Found a staircase to the Ecumenical Temple.
  4293 | Temple   | Entered the Ecumenical Temple
  4705 | D:6      | Noticed a wyvern
  4713 | D:6      | Killed a wyvern
  4714 | D:6      | Reached XP level 9. HP: 51/64 MP: 0/0
  4714 | D:6      | Learned a level 3 spell: Summon Guardian Golem
  4735 | D:6      | Reached skill level 5 in Fighting
  4950 | D:6      | Reached ** piety under Makhleb
  5439 | D:7      | Reached skill level 5 in Long Blades
  5587 | D:7      | Reached skill level 5 in Invocations
  6147 | D:7      | Reached XP level 10. HP: 10/72 MP: 0/0
  6430 | D:7      | Found a sacrificial altar of Ru.
  6663 | D:7      | Slain by a gnoll sergeant

Illustrated notes

Levels and vault maps discovered:
D:1:      amcnicky_arrival_flooded_fountain, layout_rooms
D:2:      layout_basic, roderic_lattice_a, uniq_terence
D:3:      layout_rooms, lemuel_tele_altar,
          hellmonk_ecumenical_altar_slurped_away
D:4:      layout_rooms, tgw_xom, hellmonk_ghost_happy_afterlife
D:5:      layout_cave_pools, lemuel_doored_altar, marbit_many_paths,
          serial_library_hellmonk_recessed_alcove
D:6:      nicolae_cairo_tiling_large, layout_rooms,
          mainiacjoe_overflow_small_starburst, minmay_temple_entry_proselytizer,
          minmay_splitting_lines
D:7:      layout_rooms, hangedman_ru_absence, serial_bayou, serial_bayou_lake_a,
          serial_bayou_pond_a, serial_bayou_ford_a, serial_bayou_pond_d,
          minmay_quadrilaterals
Temple:   chequers_temple_sunken

Skill      XL: |  1  2  3  4  5  6  7  8  9 |
---------------+----------------------------+-----
Spellcasting   | 4 5 6 |  6.7
Conjurations   | 4 5 6 |  6.7
Hexes          | 4 5 6 |  6.7
Summonings     | 4 5 6 |  6.7
Necromancy     | 4 5 6 |  6.7
Translocations | 4 5 6 |  6.7
Transmutations | 4 5 6 |  6.7
Fire Magic     | 4 5 6 |  6.7
Ice Magic      | 4 5 6 |  6.7
Air Magic      | 4 5 6 |  6.7
Earth Magic    | 4 5 6 |  6.7
Poison Magic   | 4 5 6 |  6.7
Fighting       | 1 2 3 4 5 |  5.9
Invocations    | 1 2 3 4 5 |  5.4
Long Blades    | 1 3 5 |  5.8
Dodging        | |  2.1
Stealth        | |  1.5

Action                     |  1- 3 |  4- 6 |  7- 9 | 10-12 || total
---------------------------+-------+-------+-------+-------++-------
  Melee: Unarmed           |    10 |       |       |       ||    10
         Flail             |    10 |       |       |       ||    10
         Short sword       |     8 |    78 |    35 |       ||   121
         Double sword      |       |       |    72 |    10 ||    82
   Cast: Sting             |    18 |     1 |     9 |       ||    28
         Poisonous Vapours |    19 |    22 |     9 |       ||    50
         Summon Small Mamm |     5 |    25 |    20 |       ||    50
         Mephitic Cloud    |     1 |     1 |    11 |     3 ||    16
         Call Imp          |       |     5 |    13 |     1 ||    19
         Olgreb's Toxic Ra |       |     1 |    21 |     3 ||    25
         Frozen Ramparts   |       |       |     2 |       ||     2
         Summon Guardian G |       |       |    10 |       ||    10
    Use: Potion            |     1 |       |       |     1 ||     2
   Stab: Sleeping          |       |     2 |     1 |     1 ||     4
         Distracted        |       |       |     1 |       ||     1
         Confused          |       |       |       |     1 ||     1
 Armour: Robe              |    20 |    33 |    83 |    14 ||   150
  Dodge: Dodged            |    29 |    37 |    64 |     6 ||   136
  Block: Other             |    10 |    12 |    29 |     2 ||    53
         Reflection        |     2 |       |       |       ||     2

Table legend: (Time is in decaauts)
 A = Elapsed time spent in this place.
 B = Non-inter-level travel time spent in this place.
 C = Inter-level travel time spent in this place.
 D = Time resting spent in this place.
 E = Time spent auto-exploring this place.
 F = Levels seen in this place.
 G = Mean time per level.
                   A        B        C        D        E       F      G
               +--------+--------+--------+--------+--------+-----+--------+
         Total |   6691 |   6434 |    257 |    288 |   4962 |   8 |  836.4 |
       Dungeon |   6689 |   6432 |    257 |    288 |   4962 |   7 |  955.6 |
        Temple |      1 |      1 |      0 |      0 |      0 |   1 |    1.0 |
               +--------+--------+--------+--------+--------+-----+--------+

Top non-repeatable levels by time:
     D:7: 1372 daAuts
     D:6: 1343 daAuts
     D:2: 1308 daAuts
     D:5: 747 daAuts
     D:4: 745 daAuts
     D:3: 648 daAuts
     D:1: 524 daAuts
  Temple: 1 daAuts
